 Dungeon Crawl Stone Soup version 0.17-a0-986-gf45d1aa (webtiles) character file.

98 halfnothing the Chopper (level 4, -2/39 HPs)
             Began as a Hill Orc Fighter on May 11, 2015.
             Killed from afar by an orc wizard (6 damage)
             ... with a magic dart
             ... on level 6 of the Dungeon.
             The game lasted 00:04:47 (1423 turns).

halfnothing the Chopper (Hill Orc Fighter)          Turns: 1423, Time: 00:04:48

Health: -2/39      AC:  9    Str: 24      XL:     4   Next: 69%
Magic:  4/4        EV:  7    Int:  5 (8)  God:
Gold:   130        SH:  9    Dex: 10      Spells: 0 memorised, 3 levels left

rFire  . . .     SeeInvis .     a - +0 war axe
rCold  . . .     Clarity  .     b - +0 scale mail
rNeg   . . .     SustAb   .     c - +0 shield
rPois  +         Gourm    .     p - +1 helmet
rElec  .         Spirit   .     (no cloak)
rCorr  .         Warding  .     (no gloves)
rMut   .         Stasis   .     (no boots)
MR     .....                    (no amulet)
Stlth  ..........               (no ring)
                                q - ring of poison resistance

@: mighty, not resistant to hostile enchantments, extremely unstealthy
A: no striking features
a: no special abilities


You were on level 6 of the Dungeon.
You were very hungry.

You visited 1 branch of the dungeon, and saw 4 of its levels.

You collected 130 gold pieces.

Inventory:

Hand weapons
 a - a +0 war axe (weapon)
Armour
 b - a +0 scale mail (worn)
 c - a +0 shield (worn)
 p - a +1 helmet (worn)
Jewellery
 q - a ring of poison resistance (left hand)
Magical devices
 o - a wand of confusion (23)
Scrolls
 h - 2 scrolls of identify {unknown}
 k - a scroll of enchant armour {unknown}
 l - a scroll of remove curse {unknown}
Potions
 g - a potion of degeneration
 j - a potion of ambrosia {unknown}
 n - 2 potions of heal wounds {unknown}
Comestibles
 e - 4 bread rations
 f - 9 fruits
 i - 3 meat rations
 m - a beef jerky


   Skills:
 - Level 3.6 Fighting
 + Level 6.3 Axes
 - Level 3.2 Armour
 - Level 3.2 Shields


You had 3 spell levels left.
You didn't know any spells.

Dungeon Overview and Level Annotations

Branches:
Dungeon (6/15)
 Temple: D:4-7

Altars:
The Shining One


Message History

An orc comes into view. It is wielding a short sword.
Drink which item? (? for menu, Esc to quit)
You feel very mighty all of a sudden.
The orc shouts!
You block the orc's attack. The hound bites you but does no damage.
You hear some strange, mumbled words.
A puff of flame appears from out of thin air!
The puff of flame hits you!
* * * LOW HITPOINT WARNING * * *
Drink which item? (? for menu, Esc to quit)
It was a potion of degeneration.
There was something very wrong with that liquid.
You feel dopey. The hound closely misses you.
The orc hits you but does no damage. The hound bites you.
* * * LOW HITPOINT WARNING * * *
You hear some strange, mumbled words.
A magic dart appears from out of thin air!
The magic dart hits you!
You die...

#.##......#
#.....(...#
#####(....#
#.....#
#.....#
#..oso#
####F##
#o## #@{#
##h# s# ..
#.# o# ..
..


You could see a giant frog, a scorpion, a hound, 4 orcs and a giant cockroach.

Vanquished Creatures
  An orc wizard (D:6)
  Robin (D:2)
  4 bats
  2 giant cockroaches
  18 goblins
  6 hobgoblins
  4 jackals (D:1)
  7 kobolds
  2 giant geckos (D:2)
  6 giant newts
  10 rats
61 creatures vanquished.

Notes
Turn   | Place    | Note
--------------------------------------------------------------
     0 | D:1      | halfnothing the Hill Orc Fighter began the quest for the Orb.
     0 | D:1      | Reached XP level 1. HP: 19/19 MP: 1/1
   138 | D:1      | Reached XP level 2. HP: 24/26 MP: 2/2
   212 | D:1      | Reached skill level 4 in Axes
   419 | D:1      | Reached XP level 3. HP: 31/31 MP: 3/3
   427 | D:1      | Found a glowing golden altar of the Shining One.
   771 | D:2      | Reached skill level 5 in Axes
   772 | D:2      | Noticed Robin
   777 | D:2      | Killed Robin
   797 | D:2      | Reached XP level 4. HP: 22/39 MP: 4/4
  1377 | D:3      | You fall through a shaft for 3 floors!
  1380 | D:6      | Noticed a giant frog
  1417 | D:6      | Reached skill level 6 in Axes
  1423 | D:6      | Killed from afar by an orc wizard

Vault maps used:
D:1:      dpeg_arrival_subterranean_lakeside_camping, serial_glass,
          glass_columns_a, glass_columns_a, glass_columns_b, glass_columns_a,
          tso_altar
D:2:      uniq_robin
D:3:      grunt_gozag_breadcrumbs, lemuel_round_altar, serial_bayou_lake_a,
          uniq_terence
D:6:      serial_shops, nicolae_shop_stone, minmay_misc_feat_alley,
          fedhas_altar_4

Action                   |  1- 3 |  4- 6 || total
-------------------------+-------+-------++-------
Melee: War axe           |   144 |    67 ||   211
  Use: Potion            |       |     2 ||     2
  Eat: Chunk             |       |     1 ||     1
